3R
BOMPTON BABY LAKERS @ ATHLETIC CLUB KC U-21
05/19/2042
 
TOP OF THE 1ST
Bompton Baby Lakers batting - Pitching for Athletic Club KC U-21 : RHP Jian-cheng Gang
Pitching: RHP Jian-cheng Gang
Batting: RHB Okakura Samurakami 0-0: Called Strike
0-1: Swinging Strike
0-2: Ground out 1-3 (Groundball, 15, EV 86.2 MPH)
Batting: RHB Cory Clayton 0-0: Ball
1-0: Foul Ball, location: 2F
1-1: Swinging Strike
1-2: Strikes out swinging
Batting: RHB Juan Carlos Solís 0-0: Ball
1-0: Called Strike
1-1: Ball
2-1: Foul Ball, location: 2F
2-2: Ground out 4-3 (Groundball, 4M, EV 106.9 MPH)
Top of the 1st over - 0 runs, 0 hits, 0 errors, 0 left on base; Bompton 0 - Athletic Club KC 0
BOTTOM OF THE 1ST
Athletic Club KC U-21 batting - Pitching for Bompton Baby Lakers : LHP Ryan Riley
Pitching: LHP Ryan Riley
Batting: SHB John Richardson 0-0: Foul Ball, location: 2F
0-1: Called Strike
0-2: Foul Ball, location: 2F
0-2: Foul Ball, location: 2F
0-2: DOUBLE (Flyball, 8RD, EV 95.0 MPH)
Batting: RHB Maxime Anderson 0-0: Called Strike
John Richardson is caught stealing 3rd base 2-5
0-1: Bunt for hit to 13 - play at first, batter OUT! 1-3
Batting: LHB Arthur Witter 0-0: Ball
1-0: Foul Ball, location: 2F
1-1: Called Strike
1-2: Ball
2-2: SINGLE (Groundball, 34D, EV 101.2 MPH)
Batting: RHB Mitsuoki Imamura 0-0: Ball
1-0: Ball
2-0: Called Strike
2-1: Called Strike
2-2: Strikes out swinging
Bottom of the 1st over - 0 runs, 2 hits, 0 errors, 1 left on base; Bompton 0 - Athletic Club KC 0
TOP OF THE 2ND
Bompton Baby Lakers batting - Pitching for Athletic Club KC U-21 : RHP Jian-cheng Gang
Batting: RHB David Taylor 0-0: Swinging Strike
0-1: Called Strike
0-2: Ground out 2-3 (Groundball, 15S, EV 72.5 MPH)
Batting: RHB Tim Rowland 0-0: Called Strike
0-1: Called Strike
0-2: Foul Ball, location: 2F
0-2: Ball
1-2: Foul Ball, location: 2F
1-2: Ball
2-2: Strikes out swinging
Batting: RHB Joe Hicks 0-0: Ball
1-0: Called Strike
1-1: Ground out 6-3 (Groundball, 6, EV 97.5 MPH)
Top of the 2nd over - 0 runs, 0 hits, 0 errors, 0 left on base; Bompton 0 - Athletic Club KC 0
BOTTOM OF THE 2ND
Athletic Club KC U-21 batting - Pitching for Bompton Baby Lakers : LHP Ryan Riley
Batting: SHB Katsuya Nomura 0-0: Swinging Strike
0-1: Foul Ball, location: 2F
0-2: Strikes out swinging
Batting: LHB Brian Keys 0-0: Called Strike
0-1: Ball
1-1: Fly out, F9 (Flyball, 9LS, EV 89.4 MPH)
Batting: SHB Chiel Vreke 0-0: Ball
1-0: Fly out, F3 (Popup, 23F, EV 85.0 MPH)
Bottom of the 2nd over - 0 runs, 0 hits, 0 errors, 0 left on base; Bompton 0 - Athletic Club KC 0
TOP OF THE 3RD
Bompton Baby Lakers batting - Pitching for Athletic Club KC U-21 : RHP Jian-cheng Gang
Batting: LHB Ron Stevenson 0-0: Ball
1-0: Ball
2-0: Ball
3-0: Called Strike
3-1: Fly out, F8 (Flyball, 78M, EV 71.9 MPH)
Batting: RHB Cal Moore 0-0: Called Strike
0-1: Foul Ball, location: 2F
0-2: Ball
1-2: Strikes out looking
Batting: RHB Guo-liang Hao 0-0: Swinging Strike
0-1: Ball
1-1: Called Strike
1-2: Strikes out swinging
Top of the 3rd over - 0 runs, 0 hits, 0 errors, 0 left on base; Bompton 0 - Athletic Club KC 0
BOTTOM OF THE 3RD
Athletic Club KC U-21 batting - Pitching for Bompton Baby Lakers : LHP Ryan Riley
Batting: RHB Jurrie Nuijs 0-0: Ball
1-0: Called Strike
1-1: Foul Ball, location: 2F
1-2: Strikes out swinging
Batting: RHB Jake Young 0-0: Ball
1-0: Foul Ball, location: 2F
1-1: Ball
2-1: Foul Ball, location: 2F
2-2: Foul Ball, location: 2F
2-2: Foul Ball, location: 2F
2-2: Ball
3-2: Base on Balls
Batting: SHB John Richardson 0-0: Ball
1-0: Fly out, F8 (Flyball, 8RD, EV 102.5 MPH)
Batting: RHB Maxime Anderson 0-0: Ball
1-0: Called Strike
1-1: Ball
2-1: Swinging Strike
2-2: Foul Ball, location: 2F
2-2: Strikes out looking
Bottom of the 3rd over - 0 runs, 0 hits, 0 errors, 1 left on base; Bompton 0 - Athletic Club KC 0
TOP OF THE 4TH
Bompton Baby Lakers batting - Pitching for Athletic Club KC U-21 : RHP Jian-cheng Gang
Batting: RHB Okakura Samurakami 0-0: Called Strike
0-1: SINGLE (Line Drive, 6D, EV 105.0 MPH)
Batting: RHB Cory Clayton 0-0: Ball
1-0: Ball
Okakura Samurakami steals 2nd, throwing error, E2
Okakura Samurakami to third
2-0: Called Strike
2-1: Fly out, F8 (Flyball, 8RS, EV 86.9 MPH)
Batting: RHB Juan Carlos Solís 0-0: Ball
1-0: Ball
2-0: Called Strike
2-1: Ground out 1-3 (Groundball, P, EV 66.9 MPH)
Batting: RHB David Taylor 0-0: Ball
1-0: Called Strike
1-1: Foul Ball, location: 2F
1-2: Ball
2-2: Foul Ball, location: 2F
2-2: Foul Ball, location: 2F
2-2: Foul Ball, location: 2F
2-2: Fly out, F4 (Popup, 4S, EV 64.4 MPH)
Top of the 4th over - 0 runs, 1 hit, 1 error, 1 left on base; Bompton 0 - Athletic Club KC 0
BOTTOM OF THE 4TH
Athletic Club KC U-21 batting - Pitching for Bompton Baby Lakers : LHP Ryan Riley
Batting: LHB Arthur Witter 0-0: Ball
1-0: Ball
2-0: Foul Ball, location: 2F
2-1: Foul Ball, location: 2F
2-2: Strikes out looking
Batting: RHB Mitsuoki Imamura 0-0: Ball
1-0: Ball
2-0: Swinging Strike
2-1: Called Strike
2-2: Foul Ball, location: 2F
2-2: Strikes out swinging
Batting: SHB Katsuya Nomura 0-0: Foul Ball, location: 2F
0-1: Ball
1-1: Ball
2-1: Called Strike
2-2: Ball
3-2: Strikes out swinging
Bottom of the 4th over - 0 runs, 0 hits, 0 errors, 0 left on base; Bompton 0 - Athletic Club KC 0
TOP OF THE 5TH
Bompton Baby Lakers batting - Pitching for Athletic Club KC U-21 : RHP Jian-cheng Gang
Batting: RHB Tim Rowland 0-0: Called Strike
0-1: Foul Ball, location: 2F
0-2: Strikes out looking
Batting: RHB Joe Hicks 0-0: Called Strike
0-1: Swinging Strike
0-2: Ground out 1-3 (Groundball, 13S, EV 64.4 MPH)
Batting: LHB Ron Stevenson 0-0: Ball
1-0: Ball
2-0: Called Strike
2-1: Swinging Strike
2-2: Strikes out looking
Top of the 5th over - 0 runs, 0 hits, 0 errors, 0 left on base; Bompton 0 - Athletic Club KC 0
BOTTOM OF THE 5TH
Athletic Club KC U-21 batting - Pitching for Bompton Baby Lakers : LHP Ryan Riley
Batting: LHB Brian Keys 0-0: Swinging Strike
0-1: Fly out, F7 (Flyball, 7, EV 85.6 MPH)
Batting: SHB Chiel Vreke 0-0: Ball
1-0: Called Strike
1-1: Called Strike
1-2: Ball
2-2: Strikes out swinging
Batting: RHB Jurrie Nuijs 0-0: DOUBLE (Line Drive, 7LD, EV 106.9 MPH)
Batting: RHB Jake Young 0-0: Foul Ball, location: 2F
0-1: Foul Ball, location: 2F
0-2: Ball
1-2: Strikes out swinging
Bottom of the 5th over - 0 runs, 1 hit, 0 errors, 1 left on base; Bompton 0 - Athletic Club KC 0
TOP OF THE 6TH
Bompton Baby Lakers batting - Pitching for Athletic Club KC U-21 : RHP Jian-cheng Gang
Batting: RHB Cal Moore 0-0: Called Strike
0-1: SINGLE (Groundball, 5S, EV 66.2 MPH) (infield hit)
Batting: RHB Guo-liang Hao 0-0: Swinging Strike
Cal Moore is caught stealing 2nd base 2-4
0-1: Ball
1-1: DOUBLE (Flyball, 8LXD, EV 99.4 MPH)
Batting: RHB Okakura Samurakami 0-0: Ball
1-0: Fly out, F9 (Flyball, 9LM, EV 95.6 MPH)
Runner from 2nd tags up, SAFE at 3rd with throw by RF
Batting: RHB Cory Clayton 0-0: Swinging Strike
0-1: Ground out 6-3 (Groundball, 6M, EV 109.4 MPH)
Top of the 6th over - 0 runs, 2 hits, 0 errors, 1 left on base; Bompton 0 - Athletic Club KC 0
BOTTOM OF THE 6TH
Athletic Club KC U-21 batting - Pitching for Bompton Baby Lakers : LHP Ryan Riley
Batting: SHB John Richardson 0-0: Ball
1-0: Called Strike
1-1: SINGLE (Line Drive, 8RS, EV 94.4 MPH)
Batting: RHB Maxime Anderson 0-0: Foul Ball, location: 2F
0-1: Ball
1-1: Sac Bunt to P - play at first, batter OUT! 1-4
John Richardson to second
Batting: LHB Arthur Witter 0-0: Ball
1-0: Fly out, F8 (Flyball, 8RM, EV 75.6 MPH)
Batting: RHB Mitsuoki Imamura 0-0: Intentional Walk
Batting: SHB Katsuya Nomura 0-0: Fly out, F8 (Flyball, 8RD, EV 88.1 MPH)
Bottom of the 6th over - 0 runs, 1 hit, 0 errors, 2 left on base; Bompton 0 - Athletic Club KC 0
TOP OF THE 7TH
Bompton Baby Lakers batting - Pitching for Athletic Club KC U-21 : RHP Jian-cheng Gang
Batting: RHB Juan Carlos Solís 0-0: Ball
1-0: Swinging Strike
1-1: Swinging Strike
1-2: Ball
2-2: Strikes out looking
Batting: RHB David Taylor 0-0: Ball
1-0: Foul Ball, location: 2F
1-1: Swinging Strike
1-2: Ball
2-2: Strikes out swinging
Batting: RHB Tim Rowland 0-0: Called Strike
0-1: Ball
1-1: DOUBLE (Flyball, 78D, EV 99.4 MPH)
Batting: RHB Joe Hicks 0-0: Ball
1-0: Called Strike
1-1: Reached via error on a dropped throw from 3B, E3 (Groundball, 5S, EV 65.6 MPH)
Tim Rowland to third
Pitching: RHP Vicente Solís
Batting: LHB Ron Stevenson 0-0: Ground out 4-3 (Groundball, 4, EV 101.9 MPH)
Top of the 7th over - 0 runs, 1 hit, 1 error, 2 left on base; Bompton 0 - Athletic Club KC 0
BOTTOM OF THE 7TH
Athletic Club KC U-21 batting - Pitching for Bompton Baby Lakers : LHP Ryan Riley
Batting: LHB Brian Keys 0-0: Ball
1-0: Called Strike
1-1: Fly out, F4 (Popup, 23, EV 89.4 MPH)
Batting: SHB Chiel Vreke 0-0: Called Strike
0-1: SINGLE (Groundball, 34D, EV 98.8 MPH)
Batting: RHB Jurrie Nuijs Pickoff Throw to First - Error! E1
Chiel Vreke to second
0-0: Intentional Walk
Batting: RHB Jake Young 0-0: Ball
1-0: Ball
Chiel Vreke is caught stealing 3rd base 2-5
2-0: Foul Ball, location: 2F
2-1: Foul Ball, location: 2F
2-2: Fielders Choice at 2nd, 6-4 (Groundball, 6, EV 85.0 MPH)
Bottom of the 7th over - 0 runs, 1 hit, 1 error, 1 left on base; Bompton 0 - Athletic Club KC 0
TOP OF THE 8TH
Bompton Baby Lakers batting - Pitching for Athletic Club KC U-21 : RHP Vicente Solís
Batting: RHB Cal Moore 0-0: Swinging Strike
0-1: Swinging Strike
0-2: Ball
1-2: Ball
2-2: SOLO HOME RUN (Flyball, 78XD, EV 94.4 MPH), Distance : 404 ft
Batting: RHB Guo-liang Hao 0-0: Ball
1-0: Ball
2-0: SINGLE (Groundball, 34D, EV 100.6 MPH)
Batting: RHB Okakura Samurakami 0-0: Bunted foul
0-1: Bunted foul
0-2: Strikes out swinging
Batting: RHB Cory Clayton 0-0: Fielders Choice at 2nd, 6-4 (Groundball, 56, EV 107.5 MPH)
Batting: RHB Juan Carlos Solís 0-0: Called Strike
0-1: Fly out, F5 (Line Drive, 5, EV 64.4 MPH)
Top of the 8th over - 1 run, 2 hits, 0 errors, 1 left on base; Bompton 1 - Athletic Club KC 0
BOTTOM OF THE 8TH
Athletic Club KC U-21 batting - Pitching for Bompton Baby Lakers : LHP Ryan Riley
Now at 2B: Leonardo Valdéz
Now in RF: Kobbe Elders
Batting: SHB John Richardson 0-0: Ball
1-0: Foul Ball, location: 2F
1-1: Ball
2-1: Ground out 6-3 (Groundball, 56, EV 85.0 MPH)
Batting: RHB Maxime Anderson 0-0: Called Strike
0-1: Ball
1-1: SINGLE (Groundball, 4D, EV 101.9 MPH)
Pinch Hitting: RHB Ben Johnston 0-0: Called Strike
0-1: Fielders Choice at 2nd, 5-4 (Groundball, 5, EV 88.8 MPH)
Batting: RHB Mitsuoki Imamura 0-0: Swinging Strike
0-1: Called Strike
0-2: Foul Ball, location: 2F
0-2: Ball
1-2: Ground out 4-3 (Groundball, 4, EV 83.8 MPH)
Bottom of the 8th over - 0 runs, 1 hit, 0 errors, 1 left on base; Bompton 1 - Athletic Club KC 0
TOP OF THE 9TH
Bompton Baby Lakers batting - Pitching for Athletic Club KC U-21 : RHP Vicente Solís
Now in RF: Ben Johnston
Batting: RHB David Taylor 0-0: Called Strike
0-1: Called Strike
0-2: Ball
1-2: Ball
2-2: Foul Ball, location: 2F
2-2: Ground out 6-3 (Groundball, 6, EV 88.8 MPH)
Batting: RHB Tim Rowland 0-0: Ball
1-0: Called Strike
1-1: Swinging Strike
1-2: Foul Ball, location: 2F
1-2: Strikes out swinging
Batting: LHB Leonardo Valdéz 0-0: Ball
1-0: Called Strike
1-1: Swinging Strike
1-2: Strikes out looking
Top of the 9th over - 0 runs, 0 hits, 0 errors, 0 left on base; Bompton 1 - Athletic Club KC 0
BOTTOM OF THE 9TH
Athletic Club KC U-21 batting - Pitching for Bompton Baby Lakers : LHP Ryan Riley
Pitching: RHP Duane Coleman
Pinch Hitting: LHB Justin Cooper 0-0: Swinging Strike
0-1: Swinging Strike
0-2: Foul Ball, location: 2F
0-2: Strikes out looking
Batting: LHB Brian Keys 0-0: Ball
1-0: Ball
2-0: Foul Ball, location: 2F
2-1: Fly out, F8 (Line Drive, 8RM, EV 88.1 MPH)
Pinch Hitting: LHB Motoki Yamasaki 0-0: Called Strike
0-1: Foul Ball, location: 2F
0-2: Ball
1-2: Ball
2-2: SINGLE (Line Drive, 5D, EV 100.0 MPH)
Batting: RHB Jurrie Nuijs 0-0: Fly out, F7 (Line Drive, 7, EV 91.2 MPH)
Bottom of the 9th over - 0 runs, 1 hit, 0 errors, 1 left on base; Bompton 1 - Athletic Club KC 0
Friday, March 26th, 2021 - OOTP Baseball 20.8 Build 74